 Dungeon Crawl Stone Soup version 0.30-a0-329-g85436e0a43 (webtiles) character file.

Game seed: 17497930986507659659

14 themarg the Sneak (level 2, -1/24 HPs)
             Began as a Human Delver on Oct 28, 2022.
             Slain by a water moccasin (5 damage)
             ... on level 6 of the Dungeon.
             The game lasted 00:03:28 (394 turns).

themarg the Sneak (Human Delver)                     Turns: 394, Time: 00:03:29

Health: -1/24      AC:  3    Str: 12    XL:     2   Next: 60%
Magic:  2/2        EV: 12    Int: 10    God:
Gold:   26         SH:  0    Dex: 14    Spells: 1/1 levels left

rFire   . . .      SeeInvis .    a - +0 hand axe
rCold   . . .      Faith    .    (no shield)
rNeg    . . .      Spirit   .    b - +0 leather armour
rPois   +          Reflect  .    (no helmet)
rElec   .          Harm     .    (no cloak)
rCorr   .          Rampage  .    (no gloves)
Will    .....                    (no boots)
Stlth   +++.......               (no amulet)
HPRegen 0.24/turn                i - ring of poison resistance
MPRegen 0.08/turn                (no ring)

@: no status effects
A: no striking features
a: no special abilities


You were on level 6 of the Dungeon.
You visited 1 branch of the dungeon, and saw 2 of its levels.

You collected 26 gold pieces.

Inventory:

Hand Weapons
 a - a +0 hand axe (weapon)
Armour
 b - a +0 leather armour (worn)
Jewellery
 i - a ring of poison resistance (left hand)
Wands
 g - a wand of digging (3)
Scrolls
 c - a scroll of fog
 d - a scroll of magic mapping
 h - 3 scrolls of identify
Potions
 f - a potion of haste


   Skills:
 - Level 3.0 Fighting
 + Level 3.0 Axes
 - Level 2.0 Dodging
 - Level 5.0 Stealth


You had one spell level left.
You didn't know any spells.
Your spell library was empty.

Dungeon Overview and Level Annotations

Branches:
Dungeon (6/15)
 Temple: D:4-7

Altars:
Cheibriados

Annotations:
D:5 exclusion: orc priest


Message History

An ufetubus comes into view.
Really walk into that teleport trap?
You enter a teleport trap!
The teleport trap disappears.
Your surroundings seem slightly different.
Unknown command.
The water moccasin bites you but does no damage. 3 wights come into view.
A wight is wielding a +3 short sword of freezing.
The water moccasin misses you. The water moccasin barely misses you.
The water moccasin attacks as you move away!
The water moccasin bites you.
The water moccasin completely misses you.
The water moccasin barely misses you.
The water moccasin attacks as you move away!
The water moccasin bites you but does no damage.
The water moccasin barely misses you.
As you read the scroll of fear, it crumbles to dust.
You assume a fearsome visage.
The wight is unaffected. x2
The water moccasin looks frightened!
The kobold looks frightened!
Cornered, the water moccasin turns to fight!
Found a scroll labelled YRHEMOKOG SIUM.
The water moccasin closely misses you.
Found a ring mail and a scroll labelled HYBRANYOTI.
The water moccasin bites you!
As you read the scroll labelled XUIF ESTICK, it crumbles to dust.
It is a scroll of identify.
You don't have any unidentified items.
The water moccasin closely misses you.
The water moccasin attacks as you move away!
The water moccasin bites you. The water moccasin misses you.
You see here a scroll of identify.
The water moccasin attacks as you move away!
The water moccasin closely misses you. The water moccasin misses you.
You see here a scroll labelled YRHEMOKOG SIUM.
The water moccasin bites you.
* * * LOW HITPOINT WARNING * * *
The water moccasin attacks as you move away!
The water moccasin closely misses you. The water moccasin bites you.
You die...

#.......[#
#........##
#...[.?...#
##.....z...#
.......?...#
####.....z.?#
........z..#
.##.####S###
#. #@# #
#....# #....#
#....# #....#
#....# #....#
#...##


You could see a water moccasin and 3 wights.

Vanquished Creatures
  An adder (D:5)
  An ufetubus (D:5)
2 creatures vanquished.

Notes
Turn   | Place    | Note
-------+----------+-------------------------------------------
     0 | D:5      | themarg the Human Delver began the quest for the Orb.
     0 | D:5      | Reached XP level 1. HP: 18/18 MP: 1/1
    29 | D:5      | Noticed an orc priest
   294 | D:5      | Reached XP level 2. HP: 9/24 MP: 2/2
   312 | D:5      | Noticed a necrophage
   366 | D:6      | Noticed a water moccasin
   369 | D:6      | Found a snail-covered altar of Cheibriados.
   374 | D:6      | Noticed a wight
   374 | D:6      | Noticed a wight
   374 | D:6      | Noticed a wight
   394 | D:6      | Slain by a water moccasin

Illustrated notes

Levels and vault maps discovered:
D:5:      layout_gridville, nicolae_gozag_conspicuous_consumption,
          portal_sewer_entry_e, feat_on_display, uniq_ijyb
D:6:      layout_basic, lemuel_tele_altar, nicolae_uskayaw_en_pointe

Skill      XL: |  1 |
---------------+----+-----
Axes           | 3 |  3.0
Fighting       | |  3.0
Dodging        | |  2.0
Stealth        | |  5.0

Action                   || total
-------------------------++-------
Melee: Hand axe          ||    16
  Use: Scroll            ||     2
Armor: Leather armour    ||     8
Dodge: Dodged            ||    26

Table legend: (Time is in decaauts)
 A = Elapsed time spent in this place.
 B = Non-inter-level travel time spent in this place.
 C = Inter-level travel time spent in this place.
 D = Time resting spent in this place.
 E = Time spent auto-exploring this place.
 F = Levels seen in this place.
 G = Mean time per level.
                   A        B        C        D        E       F      G
               +--------+--------+--------+--------+--------+-----+--------+
         Total |    396 |    396 |      0 |     93 |      0 |   2 |  198.0 |
       Dungeon |    396 |    396 |      0 |     93 |      0 |   2 |  198.0 |
               +--------+--------+--------+--------+--------+-----+--------+

Top non-repeatable levels by time:
     D:5: 368 daAuts
     D:6: 27 daAuts
